 Dungeon Crawl Stone Soup version bcrawl-1.18.1 (webtiles) character file.

Game seed: 9377403997652990801

12130 Revguard the Basher (level 11, -6/123 HPs)
             Began as an Ogre Berserker on Nov 8, 2019.
             Was an Elder of Trog.
             Mangled by a four-headed hydra (17 damage)
             ... on level 11 of the Dungeon.
             The game lasted 00:21:18 (9059 turns).

Revguard the Basher (Ogre Berserker)                Turns: 9059, Time: 00:21:19

Health: -6/123     AC:  7    Str: 23    XL:     11   Next: 88%
Magic:  15/15      EV: 17    Int:  8    God:    Trog [****..]
Gold:   858        SH:  0    Dex: 11    Spells: 10/10 levels left

rFire    . . .     SeeInvis .   I - +0 giant spiked club
rCold    . . .     Gourm    .   (shield currently unavailable)
rNeg     . . .     Faith    .   n - +1 robe
rPois    .         Spirit   .   (helmet restricted)
rElec    .         Reflect  .   p - +1 cloak
rCorr    .         Harm     .   (gloves unavailable)
MR       +++..                  (boots unavailable)
Stlth    +.........             (no amulet)
HPRegen  1.30/turn              e - +2 ring of evasion
MPRegen  0.14/turn              q - +3 ring of slaying

@: regenerating
A: large, unfitting armour, beak, repulsion field 1, shaggy fur 1, tough skin 1
a: Berserk, Trog's Hand, Brothers in Arms, Renounce Religion


You were on level 11 of the Dungeon.
You worshipped Trog.
Trog was greatly pleased with you.
You were hungry.

You visited 1 branch of the dungeon, and saw 11 of its levels.
You also visited: Sewer.

You collected 858 gold pieces.

Inventory:

Hand Weapons
 I - a +0 giant spiked club (weapon)
Missiles
 M - 32 large rocks (quivered)
Armour
 n - a +1 robe (worn)
 p - a +1 cloak (worn)
 E - a scarf of stasis
Jewellery
 d - an uncursed ring of resist corrosion
 e - a +2 ring of evasion (left hand)
 q - a +3 ring of slaying (right hand)
Wands
 h - a wand of clouds (3)
 j - a wand of paralysis (10)
 s - a wand of polymorph (13)
 y - a wand of acid (8)
 B - a wand of random effects (14)
 D - a wand of flame (25)
 F - a wand of iceblast (17)
 H - a wand of disintegration (11)
Scrolls
 i - 3 scrolls of immolation
 o - 3 scrolls of enchant armour
 t - 3 scrolls of identify
 u - 2 scrolls of blinking
 v - 4 scrolls of teleportation
 z - 3 scrolls of remove curse
 A - 2 scrolls of magic mapping
Potions
 b - 2 potions of might
 f - 7 potions of curing
 g - 5 potions of heal wounds
 k - 2 potions of flight
 l - a potion of agility
 r - a potion of lignification
 w - 2 potions of cancellation
 x - a potion of berserk rage
 C - a potion of invisibility
 G - a potion of ambrosia {unknown}
 J - a potion of resistance {unknown}
 L - a potion of mutation
Comestibles
 a - 7 chunks of flesh
 c - 14 rations {!d}


   Skills:
 * Level 12.1 Fighting
 + Level 14.2 Maces & Flails
 + Level 7.7 Dodging
 * Level 6.4 Evocations


You had 10 spell levels left.
You didn't know any spells.
Your spell library was empty.

Dungeon Overview and Level Annotations

Branches:
Dungeon (11/12)            Temple (0/1) D:7            Lair (0/6) D:7
    Orc (0/1) D:11
 Vaults: D:11-12

Altars:
Ashenzari
Cheibriados
Dithmenos
Fedhas
Gozag
Makhleb
Nemelex Xobeh
Qazlal
Ru
Uskayaw
Vehumet
Wu Jian
Xom

Shops:
D:4 *   D:6 [   D:11 =


Innate Abilities, Weirdness & Mutations

You are too large for most types of armour.
You have tough skin. (AC +1)
You have a beak for a mouth.
You are surrounded by a mild repulsion field. (EV +2)
You are covered in fur. (AC +1)


Message History

The orc shouts!
You perforate the four-headed hydra like a sieve!!!
You peck the four-headed hydra!
The four-headed hydra is almost dead.
You hit the orc priest but do no damage.
You recover from your berserk rage.
The orc priest hits you with a +0 club. The four-headed hydra bites you.
The four-headed hydra misses you. The four-headed hydra bites you. x2
The orc throws a stone.
The stone closely misses you.
A centaur warrior zombie comes into view.
You puncture the four-headed hydra!
The four-headed hydra is almost dead.
You hit the orc priest. The four-headed hydra bites you! x2
* * * LOW HITPOINT WARNING * * *
The four-headed hydra bites you but does no damage.
The four-headed hydra bites you!
* * * LOW HITPOINT WARNING * * *
The orc priest completely misses you.
The orc throws a stone.
The stone hits you but does no damage. The four-headed hydra bites you!
You die...

.D...##......... #
....##........###. #.##
#.................
...###.................
#..##..##......W...>..
####.##..##.............
#...................o...
#.##.##))......D)o...o..
.))..).)...##...@)...Zo.
.)###..)...##...........
.## ##..........##......
................# ....##
#####............ ...#
..#............ .....
.............### ....
....#.......... .... ..
# .......


You could see a four-headed hydra, a phantom, an orc priest, 3 orcs and a
centaur warrior zombie.

Vanquished Creatures
  A centaur warrior (D:11)
  2 two-headed ogres (D:10)
  A death yak (D:7)
  A cyclops (D:10)
  Pikel (D:4)
  A wolf spider zombie (D:10)
  An ugly thing (D:10)
  An elephant (D:7)
  Joseph (D:8)
  A gargoyle (D:11)
  2 centaur skeletons (D:10)
  An efreet (D:11)
  3 slime creatures (D:10)
  3 hippogriffs
  2 wyverns
  3 yaks (D:11)
  4 hungry ghosts
  Edmund (D:4)
  Duvessa (D:4)
  A water moccasin (D:6)
  A hornet zombie (D:9)
  Purgy (Sewer)
  3 orc warriors
  A necrophage (D:9)
  A phantom (D:9)
  4 ogres
  6 centaurs
  2 crocodiles (D:7)
  A big kobold (D:9)
  4 bullfrogs
  Dowan (D:4)
  2 scorpions
  4 wights (D:9)
  2 bullfrog zombies
  5 crimson imps
  4 hounds
  8 orc priests
  A bullfrog skeleton (D:5)
  6 orc wizards
  Jessica (D:2)
  2 iguanas
  Ijyb (D:3)
  Terence (D:3)
  9 worker ants
  Robin (D:3)
  A worker ant zombie (D:6)
  A gnoll (D:2)
  3 adders
  A shadow imp (D:4)
  An adder zombie (D:5)
  2 worms
  A dart slug (D:6)
  3 leopard geckos
  25 orcs
  A ball python (D:6)
  4 giant cockroaches
  11 hobgoblins
  13 jackals
  3 quokkas
  9 bats
  3 frilled lizards
  18 goblins
  A jackal zombie (D:5)
  10 kobolds
  A quokka skeleton (D:5)
  6 rats
222 creatures vanquished.

Vanquished Creatures (others)
  An adder skeleton (D:4)
1 creature vanquished.

Grand Total: 223 creatures vanquished

Notes
Turn   | Place    | Note
-------+----------+-------------------------------------------
     0 | D:1      | Revguard the Ogre Berserker began the quest for the Orb.
     0 | D:1      | Reached XP level 1. HP: 24/24 MP: 1/1
   140 | D:1      | Reached XP level 2. HP: 32/32 MP: 2/2
   526 | D:1      | Reached skill level 4 in Maces & Flails
   684 | D:1      | Reached XP level 3. HP: 40/40 MP: 3/3
   784 | D:2      | Noticed Jessica
   792 | D:2      | Killed Jessica
   812 | D:2      | Reached ** piety under Trog
  1025 | D:2      | Reached XP level 4. HP: 35/49 MP: 4/4
  1224 | D:2      | Found a stormy altar of Qazlal.
  1671 | D:3      | Noticed Terence
  1688 | D:3      | Killed Terence
  2154 | D:3      | Noticed Ijyb
  2168 | D:3      | Killed Ijyb
  2168 | D:3      | Reached skill level 5 in Maces & Flails
  2168 | D:3      | Reached XP level 5. HP: 55/55 MP: 5/5
  2462 | D:3      | Noticed Robin
  2490 | D:3      | Killed Robin
  2495 | D:3      | Reached skill level 5 in Fighting
  3060 | D:4      | Gained mutation: You are surrounded by a mild repulsion
                  | field. (EV +2) [potion of mutation]
  3060 | D:4      | Gained mutation: You have a beak for a mouth. [potion of
                  | mutation]
  3060 | D:4      | Gained mutation: You are covered in fur. (AC +1) [potion of
                  | mutation]
  3117 | D:4      | Noticed Edmund
  3131 | D:4      | Killed Edmund
  3131 | D:4      | Reached skill level 1 in Evocations
  3131 | D:4      | Reached XP level 6. HP: 52/66 MP: 6/6
  3171 | D:4      | Noticed a slave
  3171 | D:4      | Noticed a slave
  3171 | D:4      | Noticed a slave
  3171 | D:4      | Noticed Pikel
  3177 | D:4      | Noticed a slave
  3180 | D:4      | Killed Pikel
  3180 | D:4      | Reached skill level 7 in Maces & Flails
  3180 | D:4      | Reached XP level 7. HP: 75/75 MP: 6/8
  3410 | D:4      | Found Gozag's Platinum Reserve.
  3410 | D:4      | Found an opulent altar of Gozag.
  3452 | D:4      | Noticed Duvessa
  3452 | D:4      | Noticed Dowan
  3462 | D:4      | Killed Duvessa
  3462 | D:4      | Reached skill level 5 in Dodging
  3462 | D:4      | Reached XP level 8. HP: 84/84 MP: 9/9
  3465 | D:4      | Killed Dowan
  3495 | D:4      | Found an ornate altar of the Wu Jian Council.
  3739 | D:5      | Entered Level 5 of the Dungeon
  3752 | D:5      | Noticed a wyvern
  3764 | D:5      | Killed a wyvern
  3764 | D:5      | Reached skill level 8 in Maces & Flails
  4196 | D:5      | Reached *** piety under Trog
  4440 | D:6      | Reached skill level 9 in Maces & Flails
  4477 | D:6      | Noticed a hippogriff
  4486 | D:6      | Killed a hippogriff
  4486 | D:6      | Reached XP level 9. HP: 64/93 MP: 11/11
  4525 | D:6      | Found Lom Mize's Armour Shoppe.
  4525 | D:6      | Found a glowing drain.
  4544 | Sewer    | Entered a sewer
  4601 | Sewer    | Noticed Purgy
  4609 | Sewer    | Killed Purgy
  4671 | D:6      | Reached skill level 10 in Maces & Flails
  4997 | D:6      | Found a snail-covered altar of Cheibriados.
  5283 | D:7      | Found a staircase to the Lair.
  5283 | D:7      | Noticed an elephant
  5283 | D:7      | Noticed a death yak
  5292 | D:7      | Killed an elephant
  5318 | D:7      | Killed a death yak
  5318 | D:7      | Reached skill level 11 in Maces & Flails
  5318 | D:7      | Reached XP level 10. HP: 40/106 MP: 13/13
  5627 | D:7      | Found a radiant altar of Vehumet.
  5697 | D:7      | Found a staircase to the Ecumenical Temple.
  5947 | D:8      | Found a shattered altar of Ashenzari.
  5948 | D:8      | Found a sacrificial altar of Ru.
  5951 | D:8      | Found a shadowy altar of Dithmenos.
  5951 | D:8      | Found a sparkling altar of Nemelex Xobeh.
  6025 | D:8      | Noticed Joseph
  6035 | D:8      | Killed Joseph
  6199 | D:8      | Reached **** piety under Trog
  6244 | D:8      | Reached skill level 5 in Evocations
  6533 | D:8      | Found a burning altar of Makhleb.
  6607 | D:9      | Reached skill level 12 in Maces & Flails
  7068 | D:9      | Found a hide-covered altar of Uskayaw.
  7253 | D:9      | Found a shimmering altar of Xom.
  7276 | D:9      | Found a blossoming altar of Fedhas.
  7412 | D:10     | Entered Level 10 of the Dungeon
  7457 | D:10     | Noticed a two-headed ogre
  7491 | D:10     | Noticed a two-headed ogre
  7499 | D:10     | Killed a two-headed ogre
  7499 | D:10     | Reached skill level 10 in Fighting
  7499 | D:10     | Reached skill level 13 in Maces & Flails
  7499 | D:10     | Reached XP level 11. HP: 91/119 MP: 15/15
  7505 | D:10     | Noticed a two-headed ogre
  7509 | D:10     | Killed a two-headed ogre
  7510 | D:10     | Noticed a cyan ugly thing
  7521 | D:10     | Killed a cyan ugly thing
  7585 | D:10     | Noticed a cyclops
  7601 | D:10     | Killed a cyclops
  8552 | D:11     | Found Mekemn's Jewellery Shop.
  8874 | D:11     | Reached skill level 14 in Maces & Flails
  9007 | D:11     | Noticed a centaur warrior
  9024 | D:11     | Killed a centaur warrior
  9047 | D:11     | Noticed a four-headed hydra
  9051 | D:11     | Found a staircase to the Orcish Mines.
  9059 | D:11     | Mangled by a four-headed hydra

Skill      XL: |  1  2  3  4  5  6  7  8  9 10 11 |
---------------+----------------------------------+-----
Dodging        | 3 4 5 6 7 |  7.7
Maces & Flails | 4 5 7 9 11 13 14 | 14.2
Fighting       | 5 6 7 8 10 12 | 12.1
Evocations     | 1 2 3 4 5 6 |  6.4

Action                   |  1- 3 |  4- 6 |  7- 9 | 10-12 || total
-------------------------+-------+-------+-------+-------++-------
Melee: Mace              |    87 |   117 |       |       ||   204
       Peck              |       |     5 |    32 |    56 ||    93
       Dire flail        |       |     6 |   195 |   164 ||   365
       Giant spiked club |       |       |       |    74 ||    74
Throw: Large rock        |       |       |       |     1 ||     1
Invok: Berserk           |     3 |     3 |     5 |     5 ||    16
       Trog's Hand       |       |     4 |     4 |     5 ||    13
  Use: Scroll            |       |    14 |     4 |     2 ||    20
       Potion            |       |     7 |       |       ||     7
 Stab: Sleeping          |       |     1 |       |       ||     1
  Eat: Chunk             |     2 |    11 |    14 |    15 ||    42
       Ration            |       |       |       |     2 ||     2
Armor: Animal skin       |    34 |       |       |       ||    34
       Robe              |       |    21 |    56 |    34 ||   111
       Skin              |       |       |       |    27 ||    27
Dodge: Dodged            |    77 |   158 |   173 |   204 ||   612
